 Dungeon Sprint DCSS version 0.31-a0-145-g046c7d2549 (webtiles) character file.

Game seed: 13987114097125450912

907 Darkkill the Fighter (level 7, -4/70 HPs)
             Began as a Black Draconian Artificer on June 6, 2023.
             Was an Initiate of Gozag.
             Slain by a polar bear (14 damage)
             ... in the Dungeon (Sprint VII: "The Pits").
             The game lasted 00:03:35 (463 turns).

Darkkill the Fighter (Black Draconian Artificer)     Turns: 463, Time: 00:03:35

Health: -4/70      AC: 13    Str: 17    XL:     7   Next: 81%
Magic:  7/7        EV: 14    Int: 11    God:    Gozag
Gold:   453        SH:  0    Dex: 11    Spells: 6/6 levels left

rFire   . . .        o - +2 quarterstaff (protect)
rCold   . . .        (shield currently unavailable)
rNeg    . . .        (body armour unavailable)
rPois   .            (helmet restricted)
rElec   +            (no cloak)
rCorr   .            (no gloves)
SInv    .            (no boots)
Will    .....        (no amulet)
Stlth   ++++         (no ring)
HPRegen 0.31/turn    (no ring)
MPRegen 0.10/turn

%: no teleportation
@: under a protective aura
A: breathe lightning, AC +6, unfitting armour, electricity resistance,
cold-blooded
a: Breathe Lightning, Renounce Religion, Potion Petition, Call Merchant, Bribe
Branch


You were in the Dungeon.
You worshipped Gozag.
Gozag was aware of your devotion.
You visited 1 branch You collected 1206 gold pieces.
You spent 238 gold pieces at shops.
You paid 515 gold pieces to Gozag.

Inventory:

Hand Weapons
 o - a +2 quarterstaff of protection (weapon)
Missiles
 l - 10 stones
Wands
 b - a wand of flame (11) (quivered)
 c - a wand of charming (15)
 d - a wand of iceblast (3)
Scrolls
 m - 5 scrolls of amnesia
 n - a scroll of butterflies
 p - a scroll of identify {@r1}
Potions
 a - 2 potions of invisibility
 e - 6 potions of curing {@q1}
 g - a potion of haste
 h - 4 potions of magic
 i - 2 potions of berserk rage


   Skills:
 + Level 9.5 Fighting
 + Level 8.2 Dodging
 + Level 8.6 Stealth
 + Level 9.2 Evocations


You had 6 spell levels left.
You didn't know any spells.
Your spell library was empty.

Dungeon Overview and Level Annotations

Branches:
Dungeon (1/1)

Altars:
Ashenzari
Cheibriados
Dithmenos
Elyvilon
Fedhas
Gozag
Hepliaklqana
Kikubaaqudgha
Makhleb
Nemelex Xobeh
Okawaru
Qazlal
Ru
Sif Muna
Trog
Uskayaw
Vehumet
Wu Jian
Xom
Yredelemnul
Zin
The Shining One
Jiyva
Lugonu

Shops:
D ?


Innate Abilities, Weirdness & Mutations

You can breathe wild blasts of lightning.
Your glossy black scales are hard. (AC +6)
You cannot fit into any form of body armour.
You are resistant to electric shocks. (rElec)
You are cold-blooded and may be slowed by cold attacks.


Message History

Press: ? - help, Q - select action, (/) - cycle Shift-Dir - straight line, f/p - polar bear
Aim: a polar bear (severely wounded, berserk, 82% to hit)
The puff of flame hits the polar bear but does no damage.
The polar bear is severely wounded.
Aiming: Throw Flame
Press: ? - help, Q - select action, (/) - cycle Shift-Dir - straight line, f/p - polar bear
Aim: a polar bear (severely wounded, berserk, 82% to hit)
The puff of flame hits the polar bear!
The polar bear is almost dead.
Aiming: Throw Flame
Press: ? - help, Q - select action, (/) - cycle Shift-Dir - straight line, f/p - polar bear
Aim: a polar bear (almost dead, berserk, 82% to hit)
The puff of flame misses the polar bear.
The polar bear bites you.
* * * LOW HITPOINT WARNING * * *
The polar bear claws you.
* * * LOW HITPOINT WARNING * * *
The polar bear claws you.
* * * LOW HITPOINT WARNING * * *
Unknown command.
Aiming: Throw Flame
Press: ? - help, Q - select action, (/) - cycle Shift-Dir - straight line, f/p - polar bear
Aim: a polar bear (almost dead, berserk, 82% to hit)
Okay, then.
You feel much better. The polar bear bites you.
The polar bear closely misses you. The polar bear claws you.
* * * LOW HITPOINT WARNING * * *
The polar bear barely misses you. The polar bear closely misses you.
The polar bear claws you but does no damage.
You feel much better.
You have got your breath back.
The polar bear closely misses you.
The polar bear claws you but does no damage.
The polar bear closely misses you.
You barely miss the polar bear.
You tail-slap the polar bear, but do no damage.
The polar bear is almost dead.
The polar bear bites you!
The polar bear claws you but does no damage.
The polar bear completely misses you. The polar bear bites you!!
* * * LOW HITPOINT WARNING * * *
The polar bear closely misses you. The polar bear misses you.
You feel much better.
The polar bear bites you but does no damage.
The polar bear claws you. The polar bear barely misses you.
The polar bear bites you!
* * * LOW HITPOINT WARNING * * *
The polar bear claws you.
* * * LOW HITPOINT WARNING * * *
The polar bear claws you.
* * * LOW HITPOINT WARNING * * *
You feel much better. The polar bear bites you!
The polar bear claws you but does no damage.
The polar bear claws you.
You feel much better. The polar bear barely misses you.
The polar bear completely misses you. The polar bear claws you.
The polar bear closely misses you. The polar bear barely misses you.
The polar bear misses you.
You feel much better. The polar bear closely misses you.
The polar bear claws you but does no damage.
The polar bear claws you.
You closely miss the polar bear.
The polar bear is almost dead.
The polar bear completely misses you. The polar bear closely misses you.
The polar bear claws you. The polar bear barely misses you.
The polar bear claws you. The polar bear closely misses you.
You hit the polar bear but do no damage.
Your weapon exudes an aura of protection.
The polar bear is almost dead.
The polar bear bites you!! The polar bear claws you.
The polar bear claws you but does no damage.
The polar bear bites you!
* * * LOW HITPOINT WARNING * * *
The polar bear claws you but does no damage.
The polar bear claws you.
* * * LOW HITPOINT WARNING * * *
You hit the polar bear but do no damage.
The polar bear is almost dead.
The polar bear bites you but does no damage.
The polar bear claws you but does no damage. x2
The polar bear misses you. The polar bear closely misses you.
The polar bear claws you but does no damage.
You hit the polar bear. You tail-slap the polar bear.
The polar bear is almost dead.
The polar bear is no longer berserk.
The polar bear bites you but does no damage.
The polar bear barely misses you.
The polar bear claws you but does no damage.
The polar bear barely misses you.
The polar bear claws you but does no damage. x2
You closely miss the polar bear.
The polar bear is almost dead.
The polar bear bites you but does no damage.
The polar bear completely misses you. The polar bear misses you.
You closely miss the polar bear.
You tail-slap the polar bear, but do no damage.
The polar bear is almost dead.
The polar bear bites you!
You die...
Your body crumbles into a pile of gold.

#.#........##......
#.#........##......
#'###########......
#.......#..########
#..###..#.######***
#.......#.#....#,,,
##.###.##'#.$..#,,,
#...∩...#§'$...+,,,
#.@###..#'#....#,,,
#..h....'.#,...#,,,
###########**###***


You could see a polar bear (slow).

Vanquished Creatures
  A hornet (D)
  A flying skull (D)
  A warg (D)
  A floating eye (D)
  A wolf (D)
  A phantom (D)
  A scorpion (D)
  A crimson imp (D)
  2 iguanas (D)
  2 river rats (D)
  A ball python (D)
  A bat skeleton (D)
  A giant cockroach (D)
  A goblin (D)
  2 hobgoblins (D)
  A ball python zombie (D)
  A bat (D)
  3 rats (D)
23 creatures vanquished.

Notes
Turn   | Place    | Note
-------+----------+-------------------------------------------
     0 | D        | Darkkill the Draconian Artificer began the quest for the
                  | Orb.
     0 | D        | Reached XP level 1. HP: 16/16 MP: 1/1
    24 | D        | Reached skill level 1 in Stealth
    60 | D        | Found a bloodstained altar of Trog.
    60 | D        | Found a shimmering blue altar of Sif Muna.
    60 | D        | Found a viscous altar of Jiyva.
    60 | D        | Found a hazy altar of Hepliaklqana.
    60 | D        | Found an opulent altar of Gozag.
    61 | D        | Found a glowing golden altar of the Shining One.
    61 | D        | Found a glowing silver altar of Zin.
    61 | D        | Found a basalt altar of Yredelemnul.
    61 | D        | Found a shimmering altar of Xom.
    61 | D        | Found an ornate altar of the Wu Jian Council.
    61 | D        | Found a sacrificial altar of Ru.
    61 | D        | Found a stormy altar of Qazlal.
    61 | D        | Found an iron altar of Okawaru.
    61 | D        | Found a sparkling altar of Nemelex Xobeh.
    61 | D        | Found a burning altar of Makhleb.
    61 | D        | Found a blossoming altar of Fedhas.
    61 | D        | Found a white marble altar of Elyvilon.
    61 | D        | Found a shadowy altar of Dithmenos.
    61 | D        | Found a snail-covered altar of Cheibriados.
    63 | D        | Found a radiant altar of Vehumet.
    63 | D        | Found a corrupted altar of Lugonu.
    64 | D        | Found a hide-covered altar of Uskayaw.
    64 | D        | Found an ancient bone altar of Kikubaaqudgha.
    64 | D        | Found a broken altar of Ashenzari.
    68 | D        | Became a worshipper of Gozag Ym Sagoz the Greedy
    89 | D        | Reached XP level 2. HP: 25/25 MP: 2/2
    94 | D        | Noticed a floating eye
   103 | D        | Killed a floating eye
   104 | D        | Reached skill level 5 in Fighting
   104 | D        | Reached skill level 5 in Evocations
   104 | D        | Reached XP level 3. HP: 36/36 MP: 3/3
   104 | D        | Reached XP level 4. HP: 42/42 MP: 4/4
   201 | D        | Noticed a flying skull
   201 | D        | Noticed a warg
   214 | D        | Reached skill level 5 in Dodging
   214 | D        | Reached XP level 5. HP: 48/48 MP: 5/5
   216 | D        | Killed a flying skull
   217 | D        | Reached XP level 6. HP: 48/60 MP: 6/6
   223 | D        | Killed a warg
   308 | D        | Bought a scroll of magic mapping for 105 gold pieces
   308 | D        | Bought a scroll of blinking for 105 gold pieces
   308 | D        | Bought a scroll of identify for 28 gold pieces
   336 | D        | Your scales start taking on a glossy black colour.
   336 | D        | Reached XP level 7. HP: 47/69 MP: 7/7
   336 | D        | Gained mutation: You are resistant to electric shocks.
                  | (rElec) [Black Draconian growth]
   437 | D        | Noticed a hornet
   437 | D        | Noticed a polar bear
   440 | D        | Killed a hornet
   450 | D        | HP: 10/70 [polar bear (5)]
   453 | D        | HP: 4/70 [polar bear (25)]
   459 | D        | HP: 11/70 [polar bear (12)]
   463 | D        | Slain by a polar bear

Illustrated notes

Levels and vault maps discovered:
D:        pitsprint [storerooms_1, entrance_room_1, metal_vault_2, armoury_2,
          mini_pit_1, grid_room_1, main_hall_1, silver_pit, the_coven_3,
          the_vestibule_1, steel_vault_5, golden_pit, hallway_of_sentries,
          crystal_vault_6, iron_vault_1, final_vault]

Skill      XL: |  1  2  3  4  5  6  7 |
---------------+----------------------+-----
Stealth        | 2 4 6 7 8 |  8.6
Fighting       | 2 5 7 8 9 |  9.5
Dodging        | 4 5 6 7 8 |  8.2
Evocations     | 5 7 8 9 |  9.2

Action                     |  1- 3 |  4- 6 |  7- 9 || total
---------------------------+-------+-------+-------++-------
  Melee: Club              |    11 |       |       ||    11
         Falchion          |     8 |     5 |       ||    13
         Tailslap          |     2 |     7 |     6 ||    15
         Punch             |     1 |       |       ||     1
         Quarterstaff      |       |    61 |    29 ||    90
 Invoke: Call Merchant     |       |     1 |       ||     1
Ability: Breathe Lightning |       |       |     1 ||     1
  Evoke: Wand              |       |       |     6 ||     6
    Use: Potion            |       |     1 |     6 ||     7
         Scroll            |       |     1 |     2 ||     3
   Stab: Sleeping          |     2 |     3 |     1 ||     6
 Armour: Skin              |     9 |    22 |    32 ||    63
  Dodge: Dodged            |    12 |    59 |    50 ||   121

Table legend: (Time is in decaauts)
 A = Elapsed time spent in this place.
 B = Non-inter-level travel time spent in this place.
 C = Inter-level travel time spent in this place.
 D = Time resting spent in this place.
 E = Time spent auto-exploring this place.
 F = Levels seen in this place.
 G = Mean time per level.
                   A        B        C        D        E       F      G
               +--------+--------+--------+--------+--------+-----+--------+
         Total |    514 |    494 |     20 |     71 |      0 |   1 |  514.0 |
       Dungeon |    514 |    494 |     20 |     71 |      0 |   1 |  514.0 |
               +--------+--------+--------+--------+--------+-----+--------+

Top non-repeatable levels by time:
       D: 514 daAuts

Levels and vault maps discovered:
D:        pitsprint [storerooms_1, entrance_room_1, metal_vault_2, armoury_2,
          mini_pit_1, grid_room_1, main_hall_1, silver_pit, the_coven_3,
          the_vestibule_1, steel_vault_5, golden_pit, hallway_of_sentries,
          crystal_vault_6, iron_vault_1, final_vault]

Table legend: (Time is in decaauts)
 A = Elapsed time spent in this place.
 B = Non-inter-level travel time spent in this place.
 C = Inter-level travel time spent in this place.
 D = Time resting spent in this place.
 E = Time spent auto-exploring this place.
 F = Levels seen in this place.
 G = Mean time per level.
                   A        B        C        D        E       F      G
               +--------+--------+--------+--------+--------+-----+--------+
         Total |    514 |    494 |     20 |     71 |      0 |   1 |  514.0 |
       Dungeon |    514 |    494 |     20 |     71 |      0 |   1 |  514.0 |
               +--------+--------+--------+--------+--------+-----+--------+

Top non-repeatable levels by time:
       D: 514 daAuts

Table legend:
 A = Kills in this place as a percentage of kills in the entire game.
 B = Kills by you in this place as a percentage of kills by you in the entire game.
 C = Kills by friends in this place as a percentage of kills by friends in the entire game.
 D = Other kills in this place as a percentage of other kills in the entire game.
 E = Experience gained in this place as a percentage of experience gained in the entire game.
 F = Experience gained in this place divided by the number of levels of this place that you have seen.
                   A       B       C       D       E      F
               +-------+-------+-------+-------+-------+----------------------
         Total | 100.0 | 100.0 |   N/A |   N/A | 100.0 | 1297.0
       Dungeon | 100.0 | 100.0 |   N/A |   N/A | 100.0 | 1297.0
               +-------+-------+-------+-------+-------+----------------------
